 Dungeon Crawl Stone Soup version 0.20.1-1-g8b1a95d (webtiles) character file.

254 myopia the Cudgeler (level 5, 0/38 HPs)
             Began as a Demonspawn Gladiator on Jan 2, 2018.
             Slain by a white imp (7 damage)
             ... summoned by Eustachio
             ... on level 4 of the Dungeon.
             The game lasted 00:11:40 (2621 turns).

myopia the Cudgeler (Demonspawn Gladiator)          Turns: 2621, Time: 00:11:43

Health: 0/38       AC:  4    Str: 14    XL:     5   Next: 91%
Magic:  5/5        EV: 12    Int: 10    God:
Gold:   190        SH:  3    Dex: 15    Spells: 4/4 levels left

rFire    + . .     SeeInvis .   a - +0 flail
rCold    x . .     Gourm    .   y - +0 buckler
rNeg     . . .     Faith    .   b - +0 leather armour
rPois    .         Spirit   .   z - +0 helmet
rElec    .         Reflect  .   (no cloak)
rCorr    .         Harm     .   (no gloves)
MR       .....                  (no boots)
Stlth    +.........             (no amulet)
Regen    0.2/turn               u - ring of fire
MPRegen  0.1/turn               (no ring)

@: no status effects
A: spiny 2
a: no special abilities


You were on level 4 of the Dungeon.
You were hungry.

You visited 1 branch of the dungeon, and saw 4 of its levels.

You collected 190 gold pieces.

Inventory:

Hand Weapons
 a - a +0 flail (weapon)
Missiles
 d - 2 throwing nets (quivered)
 j - 86 arrows
Armour
 b - a +0 leather armour (worn)
 c - a +0 helmet
 y - a +0 buckler (worn)
 z - a +0 helmet (worn)
Jewellery
 u - a ring of fire (left hand)
Wands
 F - a wand of iceblast (9/15)
 G - a wand of flame (30/48)
Scrolls
 e - 3 scrolls of teleportation
 l - a scroll of magic mapping {unknown}
 m - 2 scrolls of recharging {unknown}
 o - a scroll of identify
 q - a scroll of enchant armour {unknown}
 r - 2 scrolls of remove curse {unknown}
 t - a scroll of random uselessness {unknown}
 v - a scroll of fear {unknown}
 B - a scroll of enchant weapon {unknown}
 E - a scroll of noise {unknown}
Potions
 i - a potion of resistance
 k - a potion of brilliance
 n - 2 potions of curing
 s - a potion of degeneration {unknown}
 x - a potion of heal wounds {unknown}
 A - a potion of agility {unknown}
 D - a potion of invisibility {unknown}
Comestibles
 f - 3 bread rations
 g - 2 meat rations
 p - 2 royal jellies
 w - a fruit


   Skills:
 - Level 2.0 Fighting
 + Level 6.1 Maces & Flails
 - Level 1.7 Throwing
 - Level 2.6 Dodging
 + Level 0.1 Shields


You had 4 spell levels left.
You didn't know any spells.

Dungeon Overview and Level Annotations

Branches:
Dungeon (4/15)
 Temple: D:4-7

Altars:
Kikubaaqudgha
Trog
Vehumet
Zin

Annotations:
D:4 Eustachio, Menkaure


Innate Abilities, Weirdness & Mutations

You are mostly covered in sharp spines.


Message History

Eustachio mumbles some strange words.
Menkaure struggles against the net.
You completely miss the white imp. The white imp gestures at you.
The puff of frost hits you!
You feel a terrible chill!
* * * LOW HITPOINT WARNING * * *
Menkaure struggles against the net.
You hit the white imp.
The white imp is lightly wounded.
Eustachio growls, "To hell with you, honourless miscreant!"
The white imp gestures at you. The puff of frost misses you.
You barely miss the white imp.
The white imp is lightly wounded.
Menkaure gestures wildly while chanting.
Menkaure seems to speed up.
Menkaure struggles against the net.
The white imp is struck by your spines. The white imp hits you.
* * * LOW HITPOINT WARNING * * *
The white imp freezes you!
You feel a terrible chill!
You die...

#.###.####..#
###......#
#.# #M# #..#
##.##### #.#
#)# #..# #.#
..# #.# #..#
#######.# ..#
#.####..#
#.......# ..#
#.@...M.###
#(####### ..#
#######...#
#># ..####
###.#######.#
.....#
#@M5@.....#
..##.####
###########
.##...<.#
.##.#.#.#
.#.###..#
..## #.#
##.###..#
.##.#.#.#
.##.....#


You could see Eustachio, Menkaure (caught) and a white imp.

Vanquished Creatures
  A howler monkey (D:3)
  2 orc wizards (D:4)
  Natasha (D:2)
  5 adders
  A worm (D:3)
  A dart slug (D:1)
  A leopard gecko (D:1)
  9 orcs
  4 bat zombies (D:3)
  6 giant cockroaches
  5 goblins
  8 hobgoblins
  5 jackals
  8 kobolds
  2 quokkas
  9 bats
  3 frilled lizards (D:1)
  2 leopard gecko skeletons (D:4)
  7 rats
  2 rat zombies (D:3)
82 creatures vanquished.

Notes
Turn   | Place    | Note
-------+----------+-------------------------------------------
     0 | D:1      | myopia the Demonspawn Gladiator began the quest for the Orb.
     0 | D:1      | Reached XP level 1. HP: 16/16 MP: 1/1
    42 | D:1      | Reached skill level 3 in Maces & Flails
    63 | D:1      | Gained mutation: You are partially covered in sharp spines. [demonic ancestry]
    63 | D:1      | Reached XP level 2. HP: 21/22 MP: 2/2
   529 | D:1      | Gained mutation: You are mostly covered in sharp spines. [demonic ancestry]
   529 | D:1      | Reached XP level 3. HP: 27/27 MP: 3/3
   887 | D:2      | Reached skill level 4 in Maces & Flails
  1308 | D:2      | Noticed Natasha
  1313 | D:2      | Killed Natasha
  1313 | D:2      | Reached XP level 4. HP: 24/33 MP: 4/4
  1346 | D:2      | Found a radiant altar of Vehumet.
  1347 | D:2      | Found a glowing silver altar of Zin.
  1728 | D:3      | Reached skill level 5 in Maces & Flails
  1745 | D:3      | Found an ancient bone altar of Kikubaaqudgha.
  1930 | D:3      | Reached XP level 5. HP: 12/38 MP: 5/5
  2341 | D:4      | Found a bloodstained altar of Trog.
  2532 | D:4      | Reached skill level 6 in Maces & Flails
  2536 | D:4      | Noticed Eustachio
  2587 | D:4      | Noticed Menkaure
  2621 | D:4      | Slain by a white imp

Skill      XL: |  1  2  3  4  5 |
---------------+----------------+-----
Maces & Flails | 3 4 5 6 |  6.1
Fighting       | |  2.0
Throwing       | |  1.7
Dodging        | |  2.6
Shields        | |  0.1

Action                   |  1- 3 |  4- 6 || total
-------------------------+-------+-------++-------
Melee: Flail             |    84 |   104 ||   188
Throw: Throwing net      |       |     1 ||     1
  Use: Scroll            |       |     4 ||     4
       Potion            |       |     4 ||     4
 Stab: Sleeping          |     2 |       ||     2
  Eat: Chunk             |     1 |     4 ||     5
Armor: Leather armour    |    33 |    18 ||    51
Dodge: Dodged            |    77 |    59 ||   136
Block: Buckler           |       |    14 ||    14
